[Event "Titled Tuesday Blitz April 05 Early 2022"]
[White "Pap, Gyula"]
[Black "Mikhnenko, Alexander"]
[WhiteFideId "725323"]
[BlackFideId "34143014"]
[WhiteElo "2553"]
[BlackElo "2117"]
[Result "1-0"]
[Round "01"]
[TimeControl "180+1"]
[Date "2022.04.05"]
[WhiteClock "0:00:04"]
[BlackClock "0:00:02"]

1. e4 d5 2. Nc3 dxe4 3. Nxe4 Nf6 4. Nxf6+ exf6 5. d4 Bd6 6. Bd3 O-O 7. c3 c5 8. dxc5 Bxc5 9. Ne2 Bg4 10. O-O Re8 11. Qc2 h6 12. h3 Be6 13. Nf4 Nc6 14. Nxe6 Rxe6 15. Bf4 Ne5 16. Bf5 Re7 17. Rad1 Qb6 18. Rd5 Bd6 19. Kh1 Rae8 20. Rfd1 Bb8 21. b3 Nd3 22. Qxd3 Re1+ 23. Qf1 Rxf1+ 24. Rxf1 Bxf4 25. Bd3 Be5 26. Bc4 Rd8 27. Kg1 Rxd5 28. Bxd5 Bxc3 29. Rd1 Bd4 30. Rd2 g6 31. Re2 Kg7 32. Re7 Bxf2+ 33. Kh1 Bg3 34. Rxf7+ Kh8 35. Rf8+ Kg7 36. Rf7+ Kg8 37. Rxf6+ Kg7 38. Rxb6 axb6 39. Bxb7 Bf2 40. g4 Kf6 41. Kg2 Bc5 42. Kf3 Ke5 43. Ke2 Kd4 44. Kd2 Bb4+ 45. Kc2 Ke3 46. Kb2 g5 47. a3 Be1 48. b4 Kf4 49. Bd5 Kg3 50. Bf7 Kxh3 51. Bh5 Kg3 52. Kb3 Kf4 53. Kc4 Ke5 54. Kb5 Kd6 55. Kxb6 Bf2+ 56. Kb5 Kc7 57. a4 Kb8 58. a5 Be1 59. Bg6 Ka7 60. Be4 Kb8 61. Bf3 Ka7 62. Ka4 Bf2 63. b5 Bg1 64. Kb4 Bf2 65. Kc4 Be1 66. b6+ Ka6 67. b7 Ka7 68. a6 Kb8 69. Kd5 Bf2 70. Ke6 Ba7 71. Kf6 Be3 72. Kg6 Ka7 73. Kxh6 Kb8 74. Kg7 Ka7 75. Kf7 Kb8 76. Ke8 Kc7 77. Be2 Bf2 78. Bd3 Be3 79. Ke7 Bf2 80. Kf6 Be3 81. Be4 Kb8 82. Bg2 Kc7 83. a7 Bxa7 84. Kxg5 Be3+ 85. Kf5 1-0


[Site "https://www.chess.com"]

[Event "Titled Tuesday Blitz April 05 Early 2022"]
[White "Papasimakopoulos, Alexandros"]
[Black "Dilmukhametov, Artur"]
[WhiteFideId "4244125"]
[BlackFideId "24179922"]
[WhiteElo "2340"]
[BlackElo "2244"]
[Result "1-0"]
[Round "01"]
[TimeControl "180+1"]
[Date "2022.04.05"]
[WhiteClock "0:01:39"]
[BlackClock "0:01:18"]

1. d4 Nf6 2. c4 g6 3. Nc3 Bg7 4. e4 d6 5. f3 O-O 6. Nge2 e5 7. Be3 Nbd7 8. Qd2 c6 9. d5 cxd5 10. cxd5 Ne8 11. g4 Nb6 12. Ng3 f5 13. gxf5 gxf5 14. Nxf5 Bxf5 15. exf5 Rxf5 16. O-O-O Rc8 17. Kb1 Qf6 18. Bxb6 axb6 19. Bh3 Rxf3 20. Bxc8 Qg6+ 21. Ka1 e4 22. Be6+ Kh8 23. Rhg1 Qf6 24. Nxe4 Qe5 25. Ng5 Rd3 26. Nf7+ Kg8 27. Nxe5+ 1-0


[Site "https://www.chess.com"]

[Event "Titled Tuesday Blitz April 05 Early 2022"]
[White "Papp, Levente"]
[Black "Melikhov, Evgeny V."]
[WhiteFideId "751243"]
[BlackFideId "4122046"]
[WhiteElo "2308"]
[BlackElo "1931"]
[Result "0-1"]
[Round "01"]
[TimeControl "180+1"]
[Date "2022.04.05"]
[WhiteClock "0:00:07"]
[BlackClock "0:00:11"]

1. g3 f5 2. Bg2 Nf6 3. Nf3 g6 4. O-O Bg7 5. d3 O-O 6. Nc3 d6 7. e4 e5 8. exf5 gxf5 9. Nh4 f4 10. Ne4 Nxe4 11. dxe4 Nc6 12. c3 Ne7 13. g4 Ng6 14. Nf5 Nh4 15. f3 Nxf5 16. exf5 Bf6 17. c4 Qe8 18. Bd2 b6 19. Bc3 Bb7 20. Qe1 h5 21. h4 hxg4 22. fxg4 Bxg2 23. Kxg2 Qc6+ 24. Kh3 Qxc4 25. Qf2 Qd3+ 26. Qf3 Qxf3+ 27. Rxf3 Kh7 28. g5 Bxg5 29. hxg5 Rxf5 30. Rg1 Kg6 31. Kg2 Rxg5+ 32. Kf2 Rxg1 33. Kxg1 Rh8 34. Rxf4 exf4 35. Bxh8 Kf5 36. Kf2 Ke4 37. Bf6 c5 38. Be7 d5 39. Bd6 d4 40. Bb8 c4 41. Bd6 a6 42. Bb4 a5 43. Bd2 Kd3 44. Bxf4 Kc2 45. Ke1 c3 46. bxc3 dxc3 47. Be5 b5 48. Ke2 b4 49. Ke3 a4 50. Kd4 b3 51. axb3 axb3 0-1


[Site "https://www.chess.com"]

[Event "Titled Tuesday Blitz April 05 Early 2022"]
[White "Perera Alfonso, Rene Humberto"]
[Black "Bongo Akanga Ndjila, Barthelemy"]
[WhiteFideId "3514722"]
[BlackFideId "10609431"]
[WhiteElo "2313"]
[BlackElo "1768"]
[Result "1-0"]
[Round "01"]
[TimeControl "180+1"]
[Date "2022.04.05"]
[WhiteClock "0:01:07"]
[BlackClock "0:00:20"]

1. e4 c6 2. d4 d5 3. Nc3 dxe4 4. Nxe4 Nf6 5. Nxf6+ gxf6 6. c3 Bf5 7. Ne2 e6 8. Ng3 Bg6 9. h4 h5 10. Bd3 f5 11. Bf4 Bd6 12. Qd2 Qc7 13. Bxd6 Qxd6 14. O-O-O Nd7 15. Ne2 Nf6 16. Nf4 O-O-O 17. Rhe1 Nd5 18. Nxg6 fxg6 19. g3 Rhe8 20. Kb1 e5 21. Bc4 Nb6 22. Bf7 Re7 23. Bb3 e4 24. a3 Nd5 25. c4 Nf6 26. Qg5 Ng4 27. c5 Qf6 28. Qf4 Nh2 29. d5 Nf3 30. Re3 cxd5 31. Rxd5 Rxd5 32. Bxd5 Qe5 33. Qxe5 Nxe5 34. b4 Kc7 35. Re2 Nd3 36. Bc4 Ne5 37. Bb5 Ng4 38. Kc2 a6 39. Bc4 Ne5 40. Bb3 Kc6 41. a4 a5 42. Kc3 axb4+ 43. Kxb4 b6 44. cxb6 Kxb6 45. a5+ Ka6 46. Rc2 Rb7+ 47. Ka4 Rd7 48. Rc5 Nd3 49. Rc6+ Ka7 50. Rxg6 Nxf2 51. Be6 Rd4+ 52. Kb5 e3 53. Rg7+ Kb8 54. Bc4 Nd3 55. Re7 Nb2 56. Be2 f4 57. gxf4 Rxf4 58. a6 Rf5+ 59. Kb4 Rf2 60. Bb5 Nd1 61. a7+ Ka8 62. Bc6# 1-0


[Site "https://www.chess.com"]

[Event "Titled Tuesday Blitz April 05 Early 2022"]
[White "Piliczewski, Bogusz"]
[Black "Vlassov, Nikolai"]
[WhiteFideId "1104144"]
[BlackFideId "4103360"]
[WhiteElo "1896"]
[BlackElo "2407"]
[Result "0-1"]
[Round "01"]
[TimeControl "180+1"]
[Date "2022.04.05"]
[WhiteClock "0:00:01"]
[BlackClock "0:00:22"]

1. d4 Nf6 2. Nf3 e6 3. Bf4 c5 4. c3 b6 5. e3 Bb7 6. h3 Be7 7. Be2 h6 8. O-O g5 9. Bh2 g4 10. hxg4 Nxg4 11. Bg3 h5 12. Nh2 Nxh2 13. Bxh2 h4 14. Bf3 Bxf3 15. Qxf3 d5 16. Be5 Rg8 17. Na3 Nc6 18. Bh2 Qd7 19. Rfd1 cxd4 20. cxd4 Bxa3 21. bxa3 O-O-O 22. Rdc1 Kb7 23. Rc3 Rc8 24. Rac1 Ka8 25. Bf4 f6 26. Qd1 e5 27. dxe5 fxe5 28. Bh2 h3 29. Bg3 hxg2 30. Kxg2 Rh8 31. Kg1 d4 32. exd4 exd4 33. Rxc6 Rxc6 34. Rxc6 Qxc6 35. Bh2 Rg8+ 36. Bg3 Qd5 37. Qd3 Rh8 38. Bh2 Re8 39. Qd2 d3 0-1


[Site "https://www.chess.com"]

[Event "Titled Tuesday Blitz April 05 Early 2022"]
[White "Pinheiro, Iung Alicio de O."]
[Black "Dobrov, Vladimir"]
[WhiteFideId "2104350"]
[BlackFideId "4136594"]
[WhiteElo "2506"]
[BlackElo "2575"]
[Result "0-1"]
[Round "01"]
[TimeControl "180+1"]
[Date "2022.04.05"]
[WhiteClock "0:00:06"]
[BlackClock "0:01:01"]

1. c4 e5 2. g3 f5 3. d4 e4 4. Bg2 Nf6 5. Bg5 Be7 6. Nc3 O-O 7. e3 c6 8. Nge2 Na6 9. a3 Nc7 10. Nf4 h6 11. Bxf6 Bxf6 12. h4 d6 13. h5 Ne6 14. Ng6 Re8 15. Qb3 c5 16. d5 Ng5 17. Qc2 a6 18. b4 b5 19. bxc5 dxc5 20. O-O Bd7 21. Rab1 Rb8 22. Nf4 Qa5 23. Rfc1 Qxa3 24. Ra1 Qxc3 25. Qxc3 Bxc3 26. Rxc3 b4 27. Rb3 Ra8 28. Ra5 Rec8 29. Kf1 Nf7 30. Ke1 Nd6 31. Bf1 Nb7 32. Ra1 a5 33. Rbb1 a4 34. Ne2 Nd6 35. Nf4 a3 36. Ke2 Nxc4 37. Ke1 Nd6 0-1


[Site "https://www.chess.com"]

[Event "Titled Tuesday Blitz April 05 Early 2022"]
[White "Pliukha, Myhajlo"]
[Black "Avazkhonov, Alikhon"]
[WhiteFideId "14164698"]
[BlackFideId "14208504"]
[WhiteElo "2229"]
[BlackElo "1739"]
[Result "1-0"]
[Round "01"]
[TimeControl "180+1"]
[Date "2022.04.05"]
[WhiteClock "0:00:12"]
[BlackClock "0:00:04"]

1. e4 c5 2. Nc3 d6 3. Nf3 e6 4. d4 cxd4 5. Qxd4 Nc6 6. Bb5 Bd7 7. Bxc6 Bxc6 8. O-O Nf6 9. Bg5 Be7 10. Rad1 O-O 11. Bxf6 Bxf6 12. Qxd6 Qxd6 13. Rxd6 Bxc3 14. bxc3 Bxe4 15. Nd4 Rac8 16. f3 Bg6 17. Rd7 Rxc3 18. Rxb7 Rd8 19. Rxa7 h6 20. Ne2 Rxc2 21. Nf4 Rdd2 22. Kh1 Bf5 23. Rg1 e5 24. Ra5 f6 25. Nd5 Be6 26. Nb4 Rb2 27. a3 Bh3 28. Nd3 Rxd3 29. Ra8+ Kf7 30. gxh3 Rdd2 31. Ra7+ Ke6 32. Rgxg7 Rxh2+ 33. Kg1 Rxh3 34. Ra6+ Kf5 35. Rf7 Rxf3 36. Raxf6+ Ke4 37. Rxf3 1-0


[Site "https://www.chess.com"]

[Event "Titled Tuesday Blitz April 05 Early 2022"]
[White "Plotnikov, Pavel"]
[Black "Sarana, Alexey"]
[WhiteFideId "4170342"]
[BlackFideId "24133795"]
[WhiteElo "2298"]
[BlackElo "2666"]
[Result "1-0"]
[Round "01"]
[TimeControl "180+1"]
[Date "2022.04.05"]
[WhiteClock "0:00:12"]
[BlackClock "0:00:03"]

1. e4 c5 2. c3 Nf6 3. e5 Nd5 4. d4 cxd4 5. Qxd4 d6 6. Qxd5 e6 7. Bb5+ Nd7 8. Qd4 dxe5 9. Qxe5 a6 10. Bxd7+ Bxd7 11. Nf3 f6 12. Qh5+ g6 13. Qh4 e5 14. O-O Bg7 15. Bh6 O-O 16. Bxg7 Kxg7 17. Rd1 Qc7 18. Nbd2 Bf5 19. Qc4 Qe7 20. Nb3 Rac8 21. Qb4 Qf7 22. Rd6 g5 23. Rad1 Rc7 24. Qb6 Rfc8 25. Qe3 Re7 26. h3 h6 27. Nh2 h5 28. Nf1 Rc4 29. Ng3 Bg6 30. Nd2 Rf4 31. Ne2 Ra4 32. a3 Qa2 33. Qb6 Rf7 34. Ng3 h4 35. Ngf1 g4 36. hxg4 Rxg4 37. Ne3 Rf4 38. Qb3 Qxb3 39. Nxb3 Bh5 40. R1d2 Kg6 41. Rd7 h3 42. Rxf7 Kxf7 43. gxh3 Bf3 44. Rd7+ Kg6 45. Nd2 Bc6 46. Rd8 Rh4 47. Rg8+ Kf7 48. Rg3 Ke6 49. Nf3 Rh6 50. Nh2 f5 51. Rg5 Be4 52. f3 Bd3 53. Kg2 Kf6 54. Rg8 Kf7 55. Rb8 Rb6 56. b4 Rg6+ 57. Kf2 b5 58. Rb7+ Kf8 59. Nhf1 Rh6 60. Kg2 Rg6+ 61. Kf2 Rh6 62. Ra7 Rxh3 63. Rxa6 f4 64. Ng4 e4 65. Rf6+ Ke7 66. Rxf4 exf3 67. Nd2 Rh1 68. Nxf3 Ra1 69. Nge5 Bc2 70. Nd4 Ba4 71. Nec6+ Kd6 72. Rf5 Rxa3 73. Nxb5+ Bxb5 74. Rxb5 Kxc6 75. Rc5+ Kb6 76. Ke3 Ra1 77. Kd4 Rh1 78. Kc4 Rh4+ 79. Kb3 Rh1 80. Rg5 Rh4 81. Rg6+ Kb7 82. c4 Rh5 83. Ka4 Rh1 84. c5 Kc7 85. Kb5 Kd7 86. Rg7+ Ke6 87. Kb6 Rh8 88. b5 Rb8+ 89. Ka6 Kd5 90. c6 Kc5 91. c7 Rb6+ 92. Ka7 Rxb5 93. c8=Q+ Kb4 94. Rb7 Ka4 95. Qc4+ Ka3 96. Qxb5 1-0


[Site "https://www.chess.com"]

[Event "Titled Tuesday Blitz April 05 Early 2022"]
[White "Politov, Pavel Y."]
[Black "Zhurbinsky, David"]
[WhiteFideId "24110515"]
[BlackFideId "2072904"]
[WhiteElo "2090"]
[BlackElo "2559"]
[Result "1/2-1/2"]
[Round "01"]
[TimeControl "180+1"]
[Date "2022.04.05"]
[WhiteClock "0:00:11"]
[BlackClock "0:00:32"]

1. e4 e5 2. Nf3 Nc6 3. Bc4 Bc5 4. O-O d6 5. c3 Nf6 6. d3 O-O 7. Nbd2 Qe7 8. h3 h6 9. Re1 a6 10. Bb3 Ba7 11. Nf1 Be6 12. Bc2 Rad8 13. Ng3 Nh7 14. Be3 Bxe3 15. Rxe3 Ng5 16. Nxg5 Qxg5 17. Qf3 d5 18. exd5 Bxd5 19. Qf5 Qxf5 20. Nxf5 Rfe8 21. Rae1 Be6 22. Ng3 f5 23. R3e2 g6 24. f4 Bxa2 25. fxe5 Bd5 26. d4 b5 27. b4 Bc4 28. Rf2 a5 29. bxa5 Nxa5 30. h4 h5 31. Ne2 Nc6 32. Nf4 Kg7 33. Bd3 Bxd3 34. Nxd3 b4 35. Nxb4 Nxb4 36. cxb4 Rxd4 37. Rc2 Re7 38. Rec1 Rxe5 39. Rxc7+ Kh6 40. Rb7 Rxh4 41. b5 Rb4 42. b6 Re6 43. Rb8 Rbxb6 44. Rh8+ Kg5 45. Rhc8 Rb2 46. R8c3 Ree2 47. Rg3+ Kh6 48. Rc6 Re1+ 49. Kh2 Kh7 50. Rcxg6 Rb7 51. R6g5 Kh6 52. Rxf5 Re4 53. Rf6+ Kh7 54. Rf5 Rh4+ 55. Rh3 Rxh3+ 56. Kxh3 Kg6 57. Rc5 Rb3+ 58. g3 Rb4 59. Ra5 Rb1 60. Rc5 Rh1+ 61. Kg2 Ra1 62. Kh3 Ra2 63. Rb5 Ra4 64. Rc5 Rb4 65. Rd5 Rb6 66. Rc5 Re6 67. Rd5 Re1 68. Rc5 Rh1+ 69. Kg2 Rb1 70. Kh3 Rb3 71. Kg2 Kh6 72. Kh3 Rb8 73. Kg2 Rg8 74. Kh3 Rg7 75. Kg2 h4 76. Rc3 Kh5 77. Kh3 hxg3 78. Rxg3 Ra7 79. Rc3 Ra1 80. Rc5+ Kg6 81. Rb5 Ra2 82. Kg3 Kf6 83. Kf3 Ra3+ 84. Ke2 Ra4 85. Kf1 Rf4+ 86. Ke2 Kg6 87. Ke1 Rf8 88. Kd2 Re8 89. Kd1 Rd8+ 90. Kc1 Kf6 91. Kb1 Ke6 92. Kb2 Rc8 93. Kb3 Kd6 94. Rh5 Rb8+ 95. Kc3 Rc8+ 96. Kd2 Rc5 97. Rxc5 Kxc5 1/2-1/2


[Site "https://www.chess.com"]

[Event "Titled Tuesday Blitz April 05 Early 2022"]
[White "Polok, Kacper"]
[Black "Darini, Pouria"]
[WhiteFideId "1137158"]
[BlackFideId "12502200"]
[WhiteElo "2224"]
[BlackElo "2489"]
[Result "0-1"]
[Round "01"]
[TimeControl "180+1"]
[Date "2022.04.05"]
[WhiteClock "0:00:15"]
[BlackClock "0:00:19"]

1. e4 c5 2. Nc3 d6 3. g3 Nc6 4. Bg2 g6 5. d3 Bg7 6. Nf3 Bg4 7. h3 Bxf3 8. Bxf3 Nf6 9. O-O Rb8 10. a4 a6 11. Bg2 O-O 12. Kh2 b5 13. Be3 Nd7 14. Qd2 Re8 15. f4 Nd4 16. Rab1 b4 17. Ne2 e6 18. h4 h5 19. b3 Nf6 20. Bh3 Ng4+ 21. Bxg4 hxg4 22. Bxd4 cxd4 23. f5 e5 24. Rf2 Rc8 25. Ng1 d5 26. Qe2 dxe4 27. Qxe4 Qe7 28. Re1 gxf5 29. Qxf5 Qe6 30. Qg5 Rf8 31. h5 Rc7 32. h6 Qxh6+ 33. Qxh6 Bxh6 34. Rxe5 Be3 35. Rg2 f6 36. Ra5 Rh7+ 37. Nh3 Rxh3# 0-1


[Site "https://www.chess.com"]

[Event "Titled Tuesday Blitz April 05 Early 2022"]
[White "Postnikov, Daniil"]
[Black "Yushko, Olga"]
[WhiteFideId "4166329"]
[BlackFideId "14114500"]
[WhiteElo "2261"]
[BlackElo "2028"]
[Result "0-1"]
[Round "01"]
[TimeControl "180+1"]
[Date "2022.04.05"]
[WhiteClock "0:02:10"]
[BlackClock "0:02:20"]

1. d4 e6 2. c4 f5 3. Nf3 Nf6 4. Nc3 Be7 5. Bf4 O-O 6. e3 d6 7. Be2 Qe8 8. Qc2 Qg6 9. O-O-O Ne4 10. Bd3 Nxc3 11. Qxc3 Qxg2 12. Nd2 Qxf2 13. Rdf1 Qh4 14. Bg3 Qh6 15. h4 Nc6 16. h5 Qxe3 17. Bf4 Qxd4 0-1


[Site "https://www.chess.com"]

[Event "Titled Tuesday Blitz April 05 Early 2022"]
[White "Pourkashiyan, Atousa"]
[Black "Svane, Frederik"]
[WhiteFideId "12502014"]
[BlackFideId "12923044"]
[WhiteElo "2247"]
[BlackElo "2459"]
[Result "0-1"]
[Round "01"]
[TimeControl "180+1"]
[Date "2022.04.05"]
[WhiteClock "0:00:41"]
[BlackClock "0:01:11"]

1. e4 c5 2. Nf3 g6 3. d4 cxd4 4. Nxd4 Nc6 5. c4 Nf6 6. Nc3 d6 7. Be2 Nxd4 8. Qxd4 Bg7 9. Bg5 O-O 10. Qd2 a5 11. O-O a4 12. Rab1 Qa5 13. f3 Be6 14. Nd5 Qxd2 15. Nxe7+ Kh8 16. Bxd2 Rfe8 17. Nd5 Nxd5 18. cxd5 Bxd5 19. Bb5 Bxa2 20. Ra1 Bd4+ 21. Kh1 Re5 22. Rxa2 Rxb5 23. Bc3 Bxc3 24. bxc3 Rb3 25. Rc1 a3 26. h3 b5 27. Kg1 Rc8 28. Rac2 Kg7 29. Kf2 Kf6 30. Ke2 Ke5 31. g3 b4 32. cxb4 Rxc2+ 33. Rxc2 Rb2 34. Kd3 a2 35. f4+ Ke6 36. Rxb2 a1=Q 37. Rb3 Qd1+ 38. Kc4 Qc2+ 39. Rc3 Qxe4+ 40. Kb3 d5 41. b5 d4 42. Rc8 Qb7 43. Rc5 Qf3+ 44. Kb4 d3 45. Kc3 d2+ 46. Kxd2 Qf2+ 47. Kd3 Qxc5 0-1


[Site "https://www.chess.com"]

[Event "Titled Tuesday Blitz April 05 Early 2022"]
[White "Prado Lobo, Jonas"]
[Black "Stanisz, Patryk"]
[WhiteFideId "32050666"]
[BlackFideId "1123106"]
[WhiteElo "2214"]
[BlackElo "1833"]
[Result "1-0"]
[Round "01"]
[TimeControl "180+1"]
[Date "2022.04.05"]
[WhiteClock "0:00:56"]
[BlackClock "0:00:16"]

1. d4 d5 2. c4 c6 3. e3 e6 4. Nf3 Nf6 5. Nc3 Nbd7 6. Bd3 dxc4 7. Bxc4 b5 8. Bb3 Bb7 9. O-O a6 10. e4 b4 11. e5 bxc3 12. exf6 cxb2 13. fxg7 bxa1=Q 14. gxh8=Q Qf6 15. Qxh7 c5 16. d5 O-O-O 17. Bg5 Qxd1 18. Rxd1 Qc3 19. Bxd8 Kxd8 20. Qxf7 exd5 21. Ba4 Be7 22. Ng5 Qf6 23. Ne6+ Kc8 24. Qe8+ Bd8 25. Qxd7+ Kb8 26. Nxd8 Qb6 27. Qxb7+ Qxb7 28. Nxb7 Kxb7 29. Rxd5 1-0


[Site "https://www.chess.com"]

[Event "Titled Tuesday Blitz April 05 Early 2022"]
[White "Pranav, V"]
[Black "Ferreira, Vitor Hugo Vieira"]
[WhiteFideId "25060783"]
[BlackFideId "2119765"]
[WhiteElo "2349"]
[BlackElo "2165"]
[Result "1-0"]
[Round "01"]
[TimeControl "180+1"]
[Date "2022.04.05"]
[WhiteClock "0:00:29"]
[BlackClock "0:00:12"]

1. e4 b6 2. d4 Bb7 3. Nc3 e6 4. Nf3 Nf6 5. Bd3 Bb4 6. Qe2 d5 7. e5 Ne4 8. O-O Nxc3 9. bxc3 Be7 10. h4 O-O 11. Ng5 h6 12. Qh5 Ba6 13. Nf3 Bxd3 14. cxd3 f5 15. Qg6 Kh8 16. Qxe6 Bxh4 17. Ba3 Re8 18. Qxf5 Be7 19. Bc1 Rf8 20. Qe6 Qd7 21. Qxd7 Nxd7 22. Be3 c5 23. a4 a5 24. Rfb1 Rf5 25. Nd2 Raf8 26. Nf3 g5 27. e6 g4 28. exd7 gxf3 29. Rxb6 Bg5 30. Bxg5 Rxg5 31. g3 cxd4 32. Rd6 Rd8 33. cxd4 Rg4 34. Rxd5 Kg8 35. Re1 Kf7 36. Re3 Rg6 37. Rxf3+ Ke7 38. Re3+ Re6 39. Rxe6+ Kxe6 40. Rxa5 Rxd7 41. Ra6+ Kd5 42. Rxh6 Kxd4 43. a5 Kxd3 44. a6 Ke2 45. Kg2 Rd2 46. Re6+ Kd1 47. g4 Rd4 48. Kg3 Rd3+ 49. f3 Ra3 50. g5 Rxa6 51. Rxa6 1-0


[Site "https://www.chess.com"]

[Event "Titled Tuesday Blitz April 05 Early 2022"]
[White "Prohorov, Olexandr"]
[Black "Mirzoev, Azer"]
[WhiteFideId "14105578"]
[BlackFideId "13400304"]
[WhiteElo "1993"]
[BlackElo "2525"]
[Result "0-1"]
[Round "01"]
[TimeControl "180+1"]
[Date "2022.04.05"]
[WhiteClock "0:00:06"]
[BlackClock "0:00:13"]

1. Nf3 c5 2. e4 d6 3. c3 Nf6 4. Be2 Nbd7 5. Qc2 b6 6. d4 cxd4 7. cxd4 Bb7 8. Nc3 e6 9. O-O a6 10. Rd1 Rc8 11. Bd3 b5 12. a3 Be7 13. Qe2 O-O 14. Bf4 Qb6 15. e5 Nd5 16. Nxd5 Bxd5 17. Rac1 dxe5 18. dxe5 Qb7 19. Ne1 g6 20. f3 Nc5 21. Bb1 Nb3 22. Rxc8 Rxc8 23. Nc2 Qb6+ 24. Kh1 Bc4 25. Qe1 Nc5 26. Ne3 Bb3 27. Rc1 Qb7 28. h4 Na4 29. h5 Nxb2 30. hxg6 hxg6 31. Ng4 Rxc1 32. Bxc1 Na4 33. Nf6+ Bxf6 34. exf6 Qc7 35. Be3 Qc3 36. Qf2 Qxf6 37. Bd4 e5 38. Ba1 Qd6 39. Kh2 Nc5 40. Bc3 Nd7 41. Bb4 Qd4 42. Qh4 Qxh4+ 0-1


[Site "https://www.chess.com"]

[Event "Titled Tuesday Blitz April 05 Early 2022"]
[White "Rastbod, Ali"]
[Black "Horcajuelo Rocamora, Martin"]
[WhiteFideId "12567477"]
[BlackFideId "24573027"]
[WhiteElo "2147"]
[BlackElo "1822"]
[Result "1-0"]
[Round "01"]
[TimeControl "180+1"]
[Date "2022.04.05"]
[WhiteClock "0:00:28"]
[BlackClock "0:00:23"]

1. d4 Nf6 2. c4 c5 3. d5 b5 4. cxb5 a6 5. bxa6 e6 6. Nc3 exd5 7. Nxd5 Be7 8. Bf4 Nxd5 9. Qxd5 Nc6 10. Nf3 Bxa6 11. e4 Nb4 12. Qd2 O-O 13. Bxa6 Rxa6 14. a3 c4 15. Ne5 d6 16. Nxc4 d5 17. exd5 Qc8 18. Rc1 Qf5 19. axb4 Qe4+ 20. Be3 Rc8 21. f3 Qg6 22. O-O h5 23. b3 h4 24. b5 Rf6 25. b6 h3 26. g3 Kh7 27. Bf4 Rxb6 28. Nxb6 Qxb6+ 29. Kh1 Rxc1 30. Rxc1 Qxb3 31. Qc2+ 1-0


[Site "https://www.chess.com"]

[Event "Titled Tuesday Blitz April 05 Early 2022"]
[White "Reprintsev, Alexander"]
[Black "Srebrnic, Marko"]
[WhiteFideId "14100541"]
[BlackFideId "14603616"]
[WhiteElo "2108"]
[BlackElo "2340"]
[Result "0-1"]
[Round "01"]
[TimeControl "180+1"]
[Date "2022.04.05"]
[WhiteClock "0:01:28"]
[BlackClock "0:00:44"]

1. e4 c5 2. b3 Nc6 3. Bb2 e5 4. Bb5 d6 5. Ne2 Nf6 6. Bxc6+ bxc6 7. d3 g5 8. h4 g4 9. h5 Bh6 10. Bc1 Bxc1 11. Qxc1 Qa5+ 12. Qd2 Qxd2+ 13. Nxd2 Be6 14. Ng3 a5 15. a4 Rg8 16. Ngf1 Rg5 17. h6 Rg6 18. Ne3 Ng8 19. Ndc4 Bxc4 20. bxc4 Rb8 21. Nf5 Ne7 22. O-O Nxf5 23. exf5 Rxh6 24. Rab1 Rxb1 25. Rxb1 Rf6 26. Rb6 Kd7 27. Ra6 Kc7 28. Rxa5 Kb7 29. c3 Rxf5 30. d4 exd4 31. cxd4 h5 32. g3 Kb6 33. Ra8 cxd4 34. Kf1 Ra5 35. Rh8 Rxa4 36. Rxh5 Rxc4 37. Rf5 d3 38. Ke1 Rc2 39. Rxf7 c5 40. Rf4 c4 41. Rxg4 c3 42. f4 d2+ 0-1


[Site "https://www.chess.com"]

[Event "Titled Tuesday Blitz April 05 Early 2022"]
[White "Rodchenkov, Sergey D."]
[Black "Oparin, Grigoriy"]
[WhiteFideId "4168712"]
[BlackFideId "24125890"]
[WhiteElo "2306"]
[BlackElo "2665"]
[Result "0-1"]
[Round "01"]
[TimeControl "180+1"]
[Date "2022.04.05"]
[WhiteClock "0:00:25"]
[BlackClock "0:01:08"]

1. e4 c5 2. Nf3 d6 3. d4 cxd4 4. Nxd4 Nf6 5. Nc3 Nc6 6. Bg5 e6 7. Qd2 a6 8. O-O-O Bd7 9. f3 Nxd4 10. Qxd4 Be7 11. Kb1 Qc7 12. Bd2 b5 13. g4 O-O 14. h4 b4 15. Ne2 Rfc8 16. Rc1 e5 17. Qe3 Be6 18. Bxb4 Rab8 19. Ba3 d5 20. Bxe7 Qxe7 21. g5 d4 22. Qd2 Qa3 23. b3 Nd7 24. Bh3 Nb6 25. Bxe6 fxe6 26. Rcd1 Nc4 27. Qc1 Qb4 28. Ka1 Ne3 29. c3 Qa5 30. Rd3 Rxb3 31. f4 Ra3 32. Qb2 dxc3 33. Qb1 Rxa2+ 34. Qxa2 Nc2+ 35. Kb1 Rb8+ 36. Kxc2 Qxa2+ 37. Kxc3 Rb3+ 38. Kc4 Qa4+ 0-1


[Site "https://www.chess.com"]

[Event "Titled Tuesday Blitz April 05 Early 2022"]
[White "Rodchenkov, Vitaly"]
[Black "Jaferian, Koosha"]
[WhiteFideId "4152964"]
[BlackFideId "12507440"]
[WhiteElo "2337"]
[BlackElo "2030"]
[Result "1-0"]
[Round "01"]
[TimeControl "180+1"]
[Date "2022.04.05"]
[WhiteClock "0:00:30"]
[BlackClock "0:00:20"]

1. Nf3 d5 2. d4 Nf6 3. c4 c6 4. e3 a6 5. b3 Bf5 6. Be2 e6 7. O-O h6 8. Nc3 Nbd7 9. Bb2 b5 10. cxd5 cxd5 11. Rc1 Bd6 12. a4 b4 13. Nb1 O-O 14. Nbd2 a5 15. Bb5 Nb6 16. Qe2 Qe7 17. Ne5 Rfc8 18. Ndf3 Ne4 19. Rfd1 f6 20. Nc6 Qb7 21. Nd2 Rc7 22. Nxe4 Bxe4 23. f3 Bg6 24. e4 Bf4 25. Rc2 Kh7 26. g3 Bd6 27. Rdc1 Nd7 28. exd5 exd5 29. Rd2 Re8 30. Qf1 Qb6 31. Kg2 Rec8 32. Rdd1 Rxc6 33. Rxc6 Rxc6 34. Bxc6 Qxc6 35. Rc1 Qa8 36. Qb5 Qe8 37. Kf2 Qe6 38. Re1 Qf5 39. Qc6 Bf8 40. Re2 Bh5 41. Re3 Qb1 42. Qc1 Qf5 43. Qc6 Qb1 44. Qc1 Qxc1 45. Bxc1 Bf7 46. Re2 Bd6 47. Rc2 Bc7 48. Rxc7 Be6 49. Rc6 Bf5 50. g4 Bb1 51. Rd6 Nf8 52. Rxd5 Ba2 53. Rxa5 Bxb3 54. Rb5 Bxa4 55. Rxb4 Bd7 56. Rb7 Be6 57. Ke3 Kg6 58. Kf4 Bd5 59. Rb6 Ne6+ 60. Kg3 Ng5 61. Rb5 Bc4 62. Rc5 Be2 63. Bxg5 hxg5 64. f4 gxf4+ 65. Kxf4 Bf1 66. h4 Kf7 67. Rc6 Bg2 68. Rb6 Bd5 69. g5 fxg5+ 70. hxg5 Bc4 71. Ke5 Bf1 72. d5 Bg2 73. d6 Kg6 74. d7+ Kxg5 1-0


[Site "https://www.chess.com"]

[Event "Titled Tuesday Blitz April 05 Early 2022"]
[White "Rodrigues, Bruno Morado"]
[Black "Leiva, Gianmarco"]
[WhiteFideId "2115654"]
[BlackFideId "3804399"]
[WhiteElo "2040"]
[BlackElo "2323"]
[Result "0-1"]
[Round "01"]
[TimeControl "180+1"]
[Date "2022.04.05"]
[WhiteClock "0:00:32"]
[BlackClock "0:00:10"]

1. d4 Nf6 2. Nc3 d5 3. Bg5 c5 4. e3 Nc6 5. dxc5 e6 6. e4 Bxc5 7. exd5 exd5 8. Nf3 O-O 9. Be2 d4 10. Ne4 Bb4+ 11. Ned2 h6 12. Bh4 Bf5 13. O-O Re8 14. Nb3 Bh7 15. Nbxd4 Nxd4 16. Nxd4 Re4 17. Bxf6 Qxf6 18. c3 Bc5 19. Bd3 Ree8 20. Bxh7+ Kxh7 21. Qd3+ Kg8 22. Rfe1 Red8 23. Rad1 Bxd4 24. cxd4 Rd5 25. Re4 Rad8 26. Rde1 g6 27. Re8+ Rxe8 28. Rxe8+ Kg7 29. Qa3 Qd6 30. Qxd6 Rxd6 31. Re4 Rc6 32. g3 Rc2 33. d5 Rxb2 34. Re7 Kf6 35. Rc7 a5 36. d6 Ke6 37. Re7+ Kxd6 38. Rxf7 b5 39. Rf6+ Kc5 40. Rxg6 Rxa2 41. Rxh6 b4 42. Rh8 b3 43. Rb8 b2 44. Kg2 a4 45. h4 a3 46. h5 Ra1 47. h6 b1=Q 48. Rxb1 Rxb1 49. h7 Rb8 50. g4 a2 0-1


[Site "https://www.chess.com"]

[Event "Titled Tuesday Blitz April 05 Early 2022"]
[White "Rosenberg, Evan S"]
[Black "Yang, Kaiqi"]
[WhiteFideId "2019299"]
[BlackFideId "8604398"]
[WhiteElo "2270"]
[BlackElo "2373"]
[Result "0-1"]
[Round "01"]
[TimeControl "180+1"]
[Date "2022.04.05"]
[WhiteClock "0:01:29"]
[BlackClock "0:01:17"]

1. d4 e6 2. c4 f5 3. g3 Nf6 4. Bg2 d5 5. Nd2 Bd6 6. Ngf3 c6 7. O-O Nbd7 8. b3 O-O 9. Bb2 Ne4 10. Ne1 a5 11. f3 Nxd2 12. Qxd2 Nf6 13. Nd3 a4 14. Rae1 axb3 15. axb3 Ra2 16. Qc3 Bd7 17. e4 fxe4 18. fxe4 dxe4 19. Nf4 Qe7 20. c5 Bxf4 21. Rxf4 Nd5 22. Rxf8+ Qxf8 23. Qd2 e3 24. Qe2 Qf2+ 25. Kh1 Rxb2 0-1


[Site "https://www.chess.com"]